 Dungeon Crawl Stone Soup version 0.18.1-50-g88ac8fd (webtiles) character file.

212076 Amnesiac the Evocator (level 18, -25/131 (134) HPs)
             Began as a Mummy Artificer on June 15, 2018.
             Was an Initiate of Gozag.
             Killed from afar by an iron giant (52 damage)
             ... with an iron shot
             ... on level 7 of the Iron City of Dis.
             The game lasted 03:37:26 (68335 turns).

Amnesiac the Evocator (Mummy Artificer)            Turns: 68335, Time: 03:37:28

HP:   -25/131 (134) AC: 25    Str: 24 (25) XL:     18   Next: 61%
MP:   0/51          EV: 13    Int:  8      God:    Gozag
Gold: 280           SH: 16    Dex: 16      Spells: 2 memorised, 10 levels left

rFire  . . .     SeeInvis .     b - +9 iron rod (3/16)
rCold  + . .     Gourm    .     p - +5 ring mail {rF+}
rNeg   + + +     Faith    .     k - +0 large shield
rPois  ∞         Spirit   +     A - +2 helmet
rElec  .         Dismiss  .     n - +2 cloak
rCorr  .         Reflect  .     C - +2 pair of gloves {Dex+3}
SustAt .         Harm     .     u - +2 pair of boots {run}
MR     ++...                    f - amulet of guardian spirit
Stlth  +.........               t - ring of magical power
                                i - ring of magical power

@: gold aura, quick, very resistant to hostile enchantments, very unstealthy
A: no food or potions, fire vulnerability, cold resistance 1, negative energy
resistance 3, torment resistance, unbreathing, in touch with death 1, restore
body
a: Self-Restoration, Potion Petition, Call Merchant, Bribe Branch, Renounce
Religion


You were on level 7 of the Iron City of Dis.
You worshipped Gozag.
Gozag was noncommittal.
You were not hungry.

You visited 7 branches of the dungeon, and saw 35 of its levels.
You visited 1 bazaar.
You also visited: Labyrinth.

You collected 13642 gold pieces.
You spent 7682 gold pieces at shops.
You paid 5370 gold pieces to Gozag.

Inventory:

Hand Weapons
 a - a +9 dagger of electrocution
 F - the +5 broad axe of Ysaishru {vamp, rElec Str+2}
   (You found it on level 7 of the Lair of Beasts)

   It inflicts no extra harm, but heals its wielder somewhat when it strikes a
   living foe.
   It affects your strength (+2).
   It insulates you from electricity.
Armour
 k - a +0 large shield (worn)
 n - a +2 cloak (worn)
 p - a +5 ring mail of fire resistance (worn)
 u - a +2 pair of boots of running (worn)
 A - a +2 helmet (worn)
 C - a +2 pair of gloves of dexterity (worn)
Rods
 b - a +9 iron rod (3/16) (in hand)
   (You acquired it on level 14 of the Dungeon)
 v - a +4 rod of shadows (7/15)
   (You bought it in a shop on level 14 of the Dungeon)
 w - a +9 lightning rod (15/15)
   (You bought it in a shop on level 14 of the Dungeon)
Jewellery
 f - an amulet of guardian spirit (around neck)
 i - a ring of magical power (left hand)
 r - an uncursed ring of see invisible
 t - a ring of magical power (right hand)
 z - an uncursed ring of wizardry
Wands
 d - a wand of teleportation (0/9)
Scrolls
 h - 12 scrolls of identify {!r}
 j - a scroll of magic mapping {!r}
 l - 11 scrolls of remove curse {!r}
 x - a scroll of fog {!r}
 D - a scroll of silence {!r}
 G - a scroll of vulnerability {!r}
Miscellaneous
 c - a box of beasts {used: 2}
 o - the horn of Geryon (inert)
 q - a disc of storms


   Skills:
 - Level 10.0 Fighting
 - Level 0.7 Short Blades
 - Level 9.0 Armour
 - Level 9.0 Dodging
 - Level 0.7 Stealth
 + Level 5.1 Shields
 - Level 4.3 Charms
 - Level 22.1 Evocations


You had 10 spell levels left.
You knew the following spells:

 Your Spells              Type           Power        Failure   Level  Hunger
a - Summon Butterflies    Summ           #.......     100%        1    N/A
b - Haste                 Chrm           #.......     100%        6    N/A

Dungeon Overview and Level Annotations

Branches:
Dungeon (15/15)            Temple (1/1) D:5            Lair (8/8) D:9
 Shoals (0/4) Lair:6        Snake (0/4) Lair:6        Slime (0/6) Lair:7
    Orc (2/2) D:9             Elf (0/3) Orc:2        Vaults (0/5) D:14
 Depths (1/5) D:15           Hell (1/1)                 Dis (7/7) Hell
    Geh (0/7) Hell            Coc (0/7) Hell            Tar (0/7) Hell

Altars:
Ashenzari
Cheibriados
Dithmenos
Elyvilon
Fedhas
Gozag
Kikubaaqudgha
Makhleb
Nemelex Xobeh
Okawaru
Pakellas
Qazlal
Ru
Sif Muna
Trog
Vehumet
Xom
Yredelemnul
Zin
The Shining One
Beogh

Shops:
D:5 *%   D:6 ((   D:11 !**}   D:14 }   D:15 ?   Orc:1 !   Orc:2 [*!*

Portals:
Hell: Depths:1

Annotations:
Dis:3 Amnesiac's ghost, adept DDFi


Innate Abilities, Weirdness & Mutations

You do not eat or drink.
Your flesh is vulnerable to fire.
You are immune to poison.
Your flesh is cold resistant.
You are immune to negative energy.
You are immune to unholy pain and torment.
You can survive without breathing.
You are in touch with the powers of death.
You can restore your body by infusing magical energy.


Message History

Your primal shockbat beast's corpse disappears in a puff of smoke!
Evoke which item? (* to show all) (? for menu, Esc to quit)
You open the lid... ...and an elder stingox beast leaps out!
What do you say? t - Shout!
Orders for allies: a - Attack new target. p - Attack previous target. r - Retreat! s - Stop attacking. w - Wait here. f - Follow me.
Anything else - Stay silent.
Gang up on whom?
Press: ? - help, Dir - move target cursor, f/p - Hell Sentinel
Aim: a Hell Sentinel (severely wounded) Attack!
The iron giant shouts!
You hear a hideous shriek!
Something shouts, "Leave, thou obnoxious elf-skinned bundle of gauze!"
The Hell Sentinel gestures at you.
The damnation unfurls!
The damnation engulfs you!
* * * LOW HITPOINT WARNING * * *
The damnation engulfs the iron imp.
The iron imp dies!
A hellion comes into view.
Aiming: Scattershot
Press: ? - help, Shift-Dir - straight line, f/p - Hell Sentinel
Aim: a Hell Sentinel (severely wounded)
The burst of metal fragments hits the Hell Sentinel. x7
The burst of metal fragments hits the iron giant.
The iron giant is no longer distracted by gold.
The burst of metal fragments hits the iron giant. x3
The Hell Sentinel is severely wounded.
The iron giant is lightly wounded.
The hellion gestures at you.
The damnation unfurls!
The damnation engulfs you!
* * * LOW HITPOINT WARNING * * *
The damnation engulfs your elder stingox beast.
The iron giant is distracted by the nearby gold.
Your elder stingox beast stings the Hell Sentinel but does no damage.
Your elder stingox beast tramples the Hell Sentinel but does no damage.
The iron giant shouts!
You hear a shout!
A war gargoyle comes into view. It is wielding an antimagic dire flail.
Aiming: Scattershot
Press: ? - help, Shift-Dir - straight line, f/p - Hell Sentinel
Aim: a Hell Sentinel (severely wounded)
The burst of metal fragments hits the Hell Sentinel. x12
The Hell Sentinel is severely wounded.
The iron giant is no longer distracted by gold.
The war gargoyle is distracted by the nearby gold.
The hellion gestures at you.
The damnation unfurls!
The damnation engulfs you!
* * * LOW HITPOINT WARNING * * *
The damnation engulfs the Hell Sentinel.
The Hell Sentinel completely resists.
The damnation engulfs your elder stingox beast.
The iron giant is distracted by the nearby gold.
The Hell Sentinel is distracted by the nearby gold.
The iron giant shouts!
Evoke which item? (* to show all) (? for menu, Esc to quit)
You open the lid... ...and a primal fireox beast leaps out!
The war gargoyle is no longer distracted by gold.
The hellion moves out of view.
The iron giant casts a spell at you. The iron shot hits you!
You die...
Your body crumbles into a pile of gold.

*****+++******,8,,,##.....C#
,,,,,,,,,,,,,+,,,,,##H.§1..#
,,,,,,,,,,,,,+,,,,,#.......#
,,,,,,,,,,,,,+,,,,,##.C....#
,,,,,,,,,,,,,****####94....#
,8,8,8,,,8,8,* ###..C4.....#
,,,,,,,,,,,,,###..$.CC.....#
***********###...$.........#
,,**,,**,,*#..5.@1H........#
,,,,,,,,,.9....H...........#
,,,,,,,,,..................#
*********###################


You could see 4 iron giants, a Hell Sentinel, 2 war gargoyles, 2 rust devils, an
iron imp and 2 friendly mutant beasts.

Vanquished Creatures
  the Enchantress (Depths:1)
  A tentacled monstrosity (Hell)
  Rupert (Lair:8)
  A shadow dragon (Hell)
  3 daevas (Depths:1)
  4 frost giants
  An iron dragon (Dis:4)
  Nessos (Orc:2)
  2 balrugs
  Maud (Lair:8)
  An angel (Depths:1)
  4 reapers
  3 spriggan defenders (Depths:1)
  2 stone giants (Depths:1)
  3 salamander stormcallers
  A blizzard demon (Depths:1)
  4 ettins (Depths:1)
  A quicksilver dragon zombie (Dis:4)
  A minotaur (Lab)
  2 ogre magi
  A yaktaur captain (D:14)
  4 rakshasas
  2 entropy weavers (Depths:1)
  2 great orbs of eyes (Depths:1)
  The ghost of Amnesiac the Apprentice, a journeyman VSFi of Pakellas (Orc:2)
  2 hell beasts
  8 hydras
  3 spriggan air magi (Depths:1)
  7 centaur warriors
  4 deep troll earth magi (Depths:1)
  5 death yaks
  3 hell hogs
  3 deep troll shamans
  5 spriggan berserkers (Depths:1)
  5 soul eaters
  4 orc high priests
  A tengu warrior (Depths:1)
  4 sun demons
  6 skeletal warriors
  The ghost of GammafunkIsABaby the Summoner, a novice HEIE of Ru (Lair:3)
  A shadow wraith (Hell)
  An anaconda zombie (Dis:6)
  2 flayed ghosts
  3 iron trolls (Depths:1)
  9 hell knights
  6 cherubim (Depths:1)
  5 deep trolls
  A kraken simulacrum (Hell)
  A phantasmal warrior (Hell)
  4 lindwurms (Lair:3)
  4 necromancers
  A wolf spider zombie (D:14)
  A deep elf mage (D:14)
  2 wizards
  Pikel (D:7)
  A wolf spider (D:14)
  An orc sorcerer (D:15)
  A faun (D:14)
  2 griffons
  19 ugly things
  2 manticores (D:14)
  A centaur zombie (D:15)
  A dire elephant zombie (Dis:4)
  5 rust devils
  2 naga magi (D:15)
  An octopode (shapeshifter) (D:15)
  14 elephants
  A cyclops (D:15)
  3 torpor snails
  A gargoyle (D:14)
  6 hellions
  2 water nymphs
  4 sirens (Lair:6)
  2 smoke demons (Depths:1)
  8 centaur skeletons
  2 orange demons
  A shock serpent skeleton (Dis:4)
  13 black mambas
  10 spiny frogs
  3 rime drakes
  An ice statue (Hell)
  An efreet (D:14)
  8 tormentors
  7 komodo dragons
  A freezing wraith (Hell)
  A yaktaur (D:14)
  3 ice devils
  6 red devils
  2 tengu conjurers (Depths:1)
  A jumping spider (shapeshifter) (Depths:1)
  3 hydra zombies (Hell)
  2 queen bees (shapeshifter) (Depths:1)
  4 trolls
  A harpy zombie (Dis:7)
  10 polar bears (Lair:8)
  A hydra skeleton (Hell)
  5 slime creatures
  11 blink frogs
  4 two-headed ogres
  A stone giant simulacrum (Hell)
  An ettin zombie (Dis:1)
  A fire giant simulacrum (Hell)
  2 centaur simulacra (D:15)
  2 ice dragon zombies (Hell)
  Sigmund (D:5)
  6 shadows
  A tarantella (Depths:1)
  2 flying skulls (Dis:4)
  2 water elementals (Depths:1)
  48 yaks
  A vampire (D:15)
  4 redbacks
  17 spriggans
  A tarantella (shapeshifter) (Depths:1)
  A wyvern (D:14)
  4 basilisks
  2 fire elementals (Depths:1)
  A hungry ghost (D:14)
  6 hippogriffs
  A naga (D:9)
  6 wargs (Orc:2)
  2 mottled dragons
  22 water moccasins
  32 hell hounds
  10 porcupines
  Duvessa (D:6)
  A hornet simulacrum (D:15)
  20 orc warriors
  6 ice beasts
  5 sky beasts
  9 black bears
  A snapping turtle zombie (Dis:1)
  4 slaves (D:7)
  3 necrophages
  2 phantoms
  7 wasps
  2 eyes of draining
  17 ogres
  A swamp dragon zombie (Dis:3)
  9 boggarts
  12 crocodiles
  31 wolves
  11 centaurs
  The ghost of GammafunkIsRetarded the Ducker, an amateur HEIE of Nemelex Xobeh (D:6)
  3 big kobolds
  19 giant frogs
  4 scorpions
  A wyvern skeleton (D:14)
  Dowan (D:6)
  A spriggan zombie (Dis:4)
  6 killer bees
  15 wights
  7 howler monkeys
  5 crimson imps
  Crazy Yiuf (D:3)
  A giant frog zombie (D:11)
  12 hounds
  5 jellies
  49 orc priests
  3 giant frog skeletons
  4 iron imps
  22 orc wizards
  Jessica (D:2)
  9 iguanas
  16 worker ants
  4 sheep (Lair:8)
  A killer bee zombie (D:6)
  2 hound zombies
  2 hound skeletons (D:6)
  A howler monkey zombie (D:7)
  A worker ant zombie (D:4)
  Robin (D:4)
  4 gnolls (D:9)
  A howler monkey skeleton (D:8)
  14 adders
  68 river rats
  6 shadow imps
  3 white imps
  An ufetubus (D:5)
  An ooze (D:2)
  2 adder skeletons
  3 worms (D:2)
  2 dart slugs (D:1)
  10 giant geckos
  111 orcs
  2 giant cockroaches
  17 hobgoblins
  9 jackals
  6 quokkas
  2 ball pythons
  A ball python zombie (D:5)
  8 bats
  A giant gecko skeleton (D:7)
  A giant gecko zombie (D:5)
  2 giant newts
  20 goblins
  A jackal skeleton (D:4)
  A jackal zombie (D:9)
  14 kobolds
  5 rats
  A fungus (Lair:4)
  A plant (Lair:8)
  A tentacle (Hell)
1165 creatures vanquished.

Vanquished Creatures (collateral kills)
  Mennas (Depths:1)
  A golden dragon (Depths:1)
  Geryon (Hell)
  A Tzitzimitl (Dis:4)
  A Hell Sentinel (Dis:7)
  2 cacodemons
  A fire giant (Depths:1)
  2 angels (Depths:1)
  3 reapers
  7 war gargoyles
  A stone giant (Depths:1)
  A lorocyproca (Dis:4)
  A salamander stormcaller (D:14)
  A merfolk impaler (Depths:1)
  A blizzard demon (Hell)
  A fire dragon (D:15)
  2 centaur warriors (D:13)
  Fannar (D:11)
  A catoblepas (D:13)
  A deep troll earth mage (Depths:1)
  A titan zombie (Dis:1)
  A tengu warrior (Depths:1)
  3 orc high priests
  A sun demon (Hell)
  An iron golem (Depths:1)
  A soul eater (Hell)
  A shadow wraith (Hell)
  A hell knight (Hell)
  2 iron trolls (Dis:7)
  3 skeletal warriors
  A golden dragon zombie (Hell)
  An unseen horror (D:13)
  3 deep trolls (Depths:1)
  6 hill giants
  An anaconda skeleton (Hell)
  A shadow dragon zombie (Dis:4)
  5 ugly things
  2 manticores
  7 rust devils
  3 cyclopes
  A dire elephant zombie (Dis:1)
  A frost giant skeleton (Hell)
  2 orange demons (Hell)
  A spiny frog (Lair:1)
  A centaur skeleton (D:14)
  2 ice statues
  A molten gargoyle (Depths:1)
  2 efreet (D:13)
  4 freezing wraiths
  5 tormentors
  A hydra zombie (Dis:4)
  A harpy zombie (Hell)
  A polar bear (D:13)
  A troll (D:13)
  7 slime creatures (D:13)
  A two-headed ogre (D:12)
  A fire dragon zombie (Hell)
  An alligator zombie (Hell)
  An iron dragon simulacrum (Hell)
  2 ettin zombies
  3 shadows
  2 flying skulls (Dis:4)
  2 yaks (D:13)
  A water elemental (Depths:1)
  2 wraiths (D:13)
  3 hippogriffs
  2 vampire mosquitoes (D:13)
  A hungry ghost (D:14)
  A warg (Orc:2)
  5 hell hounds
  5 ice beasts (D:13)
  6 killer bees
  2 orc warriors
  A sky beast (D:13)
  A phantom (D:11)
  A snapping turtle zombie (Dis:4)
  A necrophage (D:12)
  A swamp dragon zombie (Dis:1)
  An ogre (D:12)
  4 centaurs
  A crocodile (D:12)
  A gnoll sergeant (D:13)
  A spiny frog simulacrum (Hell)
  A wyvern skeleton (D:13)
  5 wights
  2 howler monkeys (D:12)
  2 centaur zombies
  A hound (D:13)
  2 crimson imps (D:11)
  9 iron imps
  4 orc priests
  A giant frog skeleton (D:13)
  5 orc wizards
  A worker ant (D:13)
  A mummy (Dis:4)
  A worker ant zombie (D:7)
  3 gnolls (D:13)
  An adder (D:11)
  4 white imps (D:13)
  15 orcs
  A ball python (D:6)
220 creatures vanquished.

Vanquished Creatures (others)
  An eldritch tentacle (Dis:4)
  A naga warrior (D:14)
  A naga mage (D:13)
  2 orc high priests (Orc:2)
  Sonja (Orc:2)
  A tengu conjurer (D:14)
  A flying skull (Dis:4)
  A yak (D:14)
  A hippogriff (D:7)
  An orc warrior (Orc:2)
  A killer bee (D:9)
  An orc priest (D:7)
  An iron imp (Dis:7)
  50 eldritch tentacle segments (Dis:4)
  42 fungi
  23 plants (Lair:8)
  7 tentacles (Hell)
  331 tentacle segments (Hell)
467 creatures vanquished.

Grand Total: 1852 creatures vanquished

Notes
Turn   | Place    | Note
--------------------------------------------------------------
     0 | D:1      | Amnesiac the Mummy Artificer began the quest for the Orb.
     0 | D:1      | Reached XP level 1. HP: 15/15 MP: 2/2
   211 | D:1      | Reached XP level 2. HP: 19/21 MP: 4/4
   263 | D:1      | Reached skill level 3 in Evocations
  1010 | D:2      | Reached XP level 3. HP: 25/26 MP: 5/5
  1014 | D:2      | Found a radiant altar of Vehumet.
  1070 | D:2      | Found a shadowy altar of Dithmenos.
  1158 | D:2      | Noticed Jessica
  1177 | D:2      | Killed Jessica
  1333 | D:2      | Reached skill level 4 in Evocations
  1333 | D:2      | Reached XP level 4. HP: 13/32 MP: 5/7
  2512 | D:3      | Found a white marble altar of Elyvilon.
  2684 | D:3      | Noticed Crazy Yiuf
  2691 | D:3      | Killed Crazy Yiuf
  2691 | D:3      | Reached XP level 5. HP: 31/37 MP: 8/8
  2882 | D:3      | Reached skill level 5 in Evocations
  2960 | D:3      | Found a burning altar of Makhleb.
  3693 | D:4      | Reached XP level 6. HP: 23/43 MP: 10/10
  3741 | D:4      | Reached skill level 6 in Evocations
  4018 | D:4      | Learned a level 2 spell: Corpse Rot
  4121 | D:4      | Found a deep blue altar of Sif Muna.
  4492 | D:4      | Noticed Robin
  4496 | D:4      | Killed Robin
  4677 | D:5      | Entered Level 5 of the Dungeon
  4819 | D:4      | Found a deep blue altar of Sif Muna.
  5291 | D:4      | Reached XP level 7. HP: 35/48 MP: 10/12
  5646 | D:5      | Reached skill level 7 in Evocations
  5658 | D:5      | Found a staircase to the Ecumenical Temple.
  5662 | D:5      | Found an opulent altar of Gozag.
  5665 | Temple   | Entered the Ecumenical Temple
  5721 | Temple   | Became a worshipper of Gozag Ym Sagoz the Greedy
  5754 | D:5      | Found Gozag's Platinum Reserve.
  5961 | D:5      | Found Gulifewy's Food Emporium.
  5972 | D:5      | Noticed Sigmund
  5981 | D:5      | Killed Sigmund
  6174 | D:5      | Reached skill level 8 in Evocations
  6235 | D:5      | Reached XP level 8. HP: 32/54 MP: 14/14
  6358 | D:5      | Found a bloodstained altar of Trog.
  6991 | D:6      | Noticed Duvessa
  6991 | D:6      | Noticed Dowan
  7062 | D:6      | Found Fupn's Weapon Emporium.
  7106 | D:6      | Reached skill level 9 in Evocations
  7675 | D:6      | Noticed GammafunkIsRetarded's ghost (amateur HEIE)
  7701 | D:6      | Killed GammafunkIsRetarded's ghost
  7832 | D:6      | Found a sacrificial altar of Ru.
  8420 | D:6      | Killed Dowan
  8420 | D:6      | Reached skill level 10 in Evocations
  8694 | D:6      | Killed Duvessa
  8808 | D:6      | Found Maxtap's Antique Weapon Shop.
  8888 | D:7      | Reached XP level 9. HP: 51/59 MP: 16/16
  9102 | D:7      | Noticed Pikel
  9114 | D:7      | Killed Pikel
  9602 | D:7      | Reached skill level 11 in Evocations
 10344 | D:8      | Found an oddly glowing altar of Pakellas.
 10385 | D:8      | Found a glowing golden altar of the Shining One.
 10414 | D:8      | Reached skill level 12 in Evocations
 10453 | D:8      | Found a glowing silver altar of Zin.
 10454 | D:8      | Noticed an angel
 10878 | D:8      | Reached XP level 10. HP: 64/65 MP: 19/19
 10915 | D:9      | Noticed a centaur warrior
 10931 | D:9      | Killed a centaur warrior
 11271 | D:9      | Found a staircase to the Lair.
 11625 | D:9      | Found a deep blue altar of Sif Muna.
 11909 | D:9      | Reached skill level 13 in Evocations
 11972 | D:9      | Found a staircase to the Orcish Mines.
 12033 | Orc:1    | Entered Level 1 of the Orcish Mines
 12033 | Orc:1    | Found Wan Uvvo's Distillery.
 12035 | Orc:1    | Noticed an orc high priest
 12053 | Orc:1    | Noticed a smoke demon
 12449 | Orc:1    | Killed an orc high priest
 13728 | Orc:1    | Found a roughly hewn altar of Beogh.
 15088 | Orc:1    | Found a roughly hewn altar of Beogh.
 15295 | Orc:2    | Entered Level 2 of the Orcish Mines
 15611 | Orc:2    | Noticed an orc high priest
 15648 | Orc:2    | Reached XP level 11. HP: 48/70 MP: 21/21
 15653 | Orc:2    | Found a staircase to the Elven Halls.
 15975 | Orc:2    | Noticed Nessos
 15978 | Orc:2    | Noticed an orc high priest
 15979 | Orc:2    | Killed an orc high priest
 15979 | Orc:2    | Reached skill level 14 in Evocations
 15997 | Orc:2    | Noticed Sonja
 16000 | Orc:2    | Killed Sonja
 16058 | Orc:2    | Killed Nessos
 16427 | Orc:2    | Noticed an orc high priest
 16438 | Orc:2    | Killed an orc high priest
 16814 | Orc:2    | Noticed Amnesiac's ghost (journeyman VSFi)
 16837 | Orc:2    | Killed Amnesiac's ghost
 17044 | Orc:2    | Noticed an orc high priest
 17292 | Orc:1    | Killed an orc high priest
 17584 | Orc:2    | Found Gunab's Assorted Antiques.
 17584 | Orc:2    | Found Sipen's Antique Armour Shoppe.
 17592 | Orc:2    | Bought a scroll labeled TYOMIP DUJAGI for 38 gold pieces
 17592 | Orc:2    | Bought a scroll labeled GUMECI TIGIFF for 38 gold pieces
 17602 | Orc:2    | Bought a pair of embroidered boots for 130 gold pieces
 17607 | Orc:2    | Identified a +0 pair of boots of running (You bought it in a shop on level 2 of the Orcish Mines)
 17607 | Orc:2    | Bought an amber-encrusted ring mail for 261 gold pieces
 17617 | Orc:2    | Identified the +0 ring mail of the Beggar {*Confuse rF++ rCorr Int+2} (You bought it in a shop on level 2 of the Orcish Mines)
 17653 | Orc:2    | Found a roughly hewn altar of Beogh.
 17666 | Orc:2    | Noticed an orc high priest
 17901 | Orc:2    | Noticed an orc high priest
 17906 | Orc:2    | Killed an orc high priest
 17906 | Orc:2    | Reached skill level 15 in Evocations
 18022 | Orc:2    | Found Ywookiom's General Store.
 18022 | Orc:2    | Found Momidd's Distillery.
 18022 | Orc:2    | Noticed an orc high priest
 18026 | Orc:2    | Noticed a sun demon
 18026 | Orc:2    | Noticed a sun demon
 18379 | Orc:1    | Noticed an orc high priest
 18552 | D:10     | Entered Level 10 of the Dungeon
 18919 | D:10     | Noticed Harold
 19361 | D:10     | Noticed Harold
 19361 | D:10     | Harold changed into Harold the anubis guard
 19644 | D:10     | Noticed Harold
 19644 | D:10     | Harold the anubis guard changed into Harold the water nymph
 20127 | D:11     | Found Ticw's Distillery.
 20482 | D:11     | Bought a plain deck of summoning for 210 gold pieces
 20484 | D:11     | Bought a wand of paralysis (13/24) for 165 gold pieces
 20484 | D:11     | Bought a scroll of magic mapping for 38 gold pieces
 20613 | D:11     | Bought a plain deck of changes for 210 gold pieces
 20614 | D:11     | Hired Fadir the naga for 157 gold.
 20623 | D:11     | Hired Tiqithoe the naga for 136 gold.
 20664 | D:11     | Noticed a hill giant
 20676 | D:11     | Killed a hill giant
 20753 | D:11     | Noticed a cyan ugly thing
 20799 | D:11     | Found Kergh's Assorted Antiques.
 20810 | D:11     | Noticed Fannar
 20835 | D:11     | Killed Fannar
 20835 | D:11     | Reached XP level 12. HP: 55/76 MP: 23/23
 20845 | D:11     | Bought a pair of embroidered gloves for 103 gold pieces
 20845 | D:11     | Bought a scroll labeled IWEDIGG FEIKH for 23 gold pieces
 20845 | D:11     | Bought a wand of random effects for 23 gold pieces
 20845 | D:11     | Bought a wand of random effects for 23 gold pieces
 20876 | D:11     | Learned a level 1 spell: Summon Butterflies
 21719 | D:12     | Got an ichor-stained mace
 21720 | D:12     | Identified the cursed +1 mace "Baregip" {pain, rN++} (You found it on level 12 of the Dungeon)
 21771 | D:12     | Reached skill level 16 in Evocations
 22013 | D:12     | Noticed a four-headed hydra
 22020 | D:12     | Killed a four-headed hydra
 22600 | D:13     | Noticed a centaur warrior
 22613 | D:13     | Killed a centaur warrior
 24071 | D:13     | Noticed a centaur warrior
 24079 | D:13     | Killed a centaur warrior
 24397 | D:14     | Noticed a yaktaur captain
 24431 | D:13     | Noticed a catoblepas
 24444 | D:13     | Your ally Fadir died
 24479 | D:13     | Killed a catoblepas
 24479 | D:13     | Reached skill level 17 in Evocations
 24929 | D:14     | Your ally Tiqithoe died
 24985 | D:14     | Killed a yaktaur captain
 24993 | D:14     | Found a gate to the Vaults.
 25005 | D:14     | Noticed a rakshasa
 25020 | D:14     | Found a flickering gateway to a bazaar.
 25027 | Bazaar   | Entered a bazaar
 25027 | Bazaar   | Found Bel Utautz's General Store.
 25031 | Bazaar   | Found Sim Wolueng's Jewellery Boutique.
 25053 | Bazaar   | Found Fuysi's Jewellery Boutique.
 25059 | Bazaar   | Found Ahiucics's General Store.
 25069 | Bazaar   | Found Yrhif's Food Boutique.
 25886 | D:14     | Noticed a seven-headed hydra
 25906 | D:14     | Noticed a centaur warrior
 25912 | D:14     | Bought a wand of teleportation (8/9) for 612 gold pieces
 26371 | D:15     | Entered Level 15 of the Dungeon
 26422 | D:15     | Found Voph's Magic Scroll Shop.
 26443 | D:15     | Gained mutation: You are in touch with the powers of death. [Mummy growth]
 26443 | D:15     | Gained mutation: You can restore your body by infusing magical energy. [Mummy growth]
 26443 | D:15     | Reached XP level 13. HP: 81/81 MP: 25/25
 26972 | D:14     | Got a transparent ring mail
 27215 | D:14     | Reached skill level 18 in Evocations
 28153 | D:14     | Noticed a salamander stormcaller
 28198 | D:14     | Killed a salamander stormcaller
 28334 | D:14     | Bought a plain deck of wonders for 238 gold pieces
 28499 | D:14     | Identified the +2 ring mail of Cowardice {*Corrode rN+++ MR+ Str+4} (You took it off a wight on level 14 of the Dungeon)
 28841 | D:15     | Noticed a fire dragon
 29234 | D:15     | HP: 1/81 [ogre/giant club (13)]
 29606 | D:15     | Killed a fire dragon
 29733 | D:15     | Found a staircase to the Depths.
 30466 | D:15     | Found an oddly glowing altar of Pakellas.
 30793 | Lair:1   | Entered Level 1 of the Lair of Beasts
 31414 | Lair:1   | Reached skill level 19 in Evocations
 31797 | Lair:1   | Reached skill level 1 in Shields
 32580 | D:2      | Found a shadowy altar of Dithmenos.
 32906 | D:2      | Found a radiant altar of Vehumet.
 33093 | D:3      | Found a white marble altar of Elyvilon.
 33170 | D:3      | Found a burning altar of Makhleb.
 34363 | D:4      | Found a deep blue altar of Sif Muna.
 34460 | D:5      | Found a staircase to the Ecumenical Temple.
 34494 | D:5      | Found Gozag's Platinum Reserve.
 34494 | D:5      | Found an opulent altar of Gozag.
 34547 | D:5      | Found Gulifewy's Food Emporium.
 34731 | D:5      | Found a bloodstained altar of Trog.
 35243 | D:6      | Found a sacrificial altar of Ru.
 35439 | D:6      | Found Fupn's Weapon Emporium.
 35683 | D:6      | Found Maxtap's Antique Weapon Shop.
 36334 | D:8      | Found a glowing silver altar of Zin.
 36383 | D:8      | Found a glowing golden altar of the Shining One.
 36403 | D:8      | Found an oddly glowing altar of Pakellas.
 37202 | D:9      | Found a staircase to the Lair.
 37243 | D:9      | Found a deep blue altar of Sif Muna.
 37526 | D:9      | Found a staircase to the Orcish Mines.
 37760 | Orc:1    | Found Wan Uvvo's Distillery.
 37986 | Orc:1    | Found a roughly hewn altar of Beogh.
 38003 | Orc:1    | Reached XP level 14. HP: 67/88 MP: 27/27
 38246 | Orc:1    | Found a roughly hewn altar of Beogh.
 38424 | Orc:2    | Found a staircase to the Elven Halls.
 38684 | Orc:2    | Found Ywookiom's General Store.
 38684 | Orc:2    | Found Momidd's Distillery.
 38845 | Orc:2    | Found Sipen's Antique Armour Shoppe.
 38845 | Orc:2    | Found Gunab's Assorted Antiques.
 38854 | Orc:2    | Found a roughly hewn altar of Beogh.
 39067 | D:14     | Bought a +2 lightning rod (10/10) for 1445 gold pieces
 39126 | D:14     | Identified a scroll of acquirement {!r}
 40175 | D:15     | Found Voph's Magic Scroll Shop.
 40340 | D:15     | Found an oddly glowing altar of Pakellas.
 40386 | D:15     | Found a staircase to the Depths.
 40709 | D:15     | Bought a scroll of recharging for 180 gold pieces
 41466 | D:10     | Killed Harold the water nymph
 41499 | D:11     | Bought a scroll of recharging for 218 gold pieces
 42518 | Lair:3   | Reached skill level 5 in Fighting
 42772 | Lair:3   | Noticed GammafunkIsABaby's ghost (novice HEIE)
 42777 | Lair:3   | Killed GammafunkIsABaby's ghost
 42979 | Lair:3   | Reached skill level 5 in Dodging
 44371 | Lair:4   | Found a labyrinth entrance.
 44380 | Lab      | Entered a labyrinth
 44737 | Lab      | Got a faintly glowing robe
 44737 | Lab      | Identified Sif Muna's Guide on Assistive Flames
 44737 | Lab      | Got a transparent shortbow
 44749 | Lab      | Identified the cursed +1 robe "Rohoad" {-Tele rElec rN+++ Int-5} (You found it in a labyrinth)
 44792 | Lair:4   | Identified the +7 shortbow of the Extremes {flame, rN++ Str-3 Dex+4} (You found it in a labyrinth)
 44809 | Lair:4   | Learned a level 6 spell: Haste
 45926 | Lair:5   | Reached XP level 15. HP: 102/105 MP: 28/28
 46625 | Lair:6   | Found a staircase to the Shoals.
 46765 | Lair:6   | Found a staircase to the Snake Pit.
 47747 | Orc:2    | Bought a runed plate armour for 667 gold pieces
 48104 | Lair:7   | Reached skill level 1 in Charms
 48411 | Lair:7   | Found a staircase to the Slime Pits.
 48415 | Lair:7   | Got a brightly glowing broad axe
 48416 | Lair:7   | Identified the +5 broad axe of Ysaishru {vamp, rElec Str+2} (You found it on level 7 of the Lair of Beasts)
 48802 | Lair:8   | Entered Level 8 of the Lair of Beasts
 48852 | Lair:8   | Noticed Maud
 48860 | Lair:8   | Killed Maud
 50016 | Lair:8   | Noticed Rupert
 51111 | Lair:8   | Killed Rupert
 51323 | D:9      | Drew Focus: Str increased to 22, Int decreased to 10
 51353 | D:9      | Drew Focus: Str increased to 23, Int decreased to 9
 51354 | D:9      | Drew Focus: Str increased to 24, Int decreased to 8
 51458 | D:11     | Bought a disc of storms for 300 gold pieces
 51540 | D:14     | Bought a +2 rod of shadows (13/13) for 1700 gold pieces
 51540 | D:14     | Bought a box of beasts for 340 gold pieces
 51781 | Orc:2    | Bought a glowing chain mail for 130 gold pieces
 51781 | Orc:2    | Bought a runed chain mail for 130 gold pieces
 52010 | Depths:1 | Entered Level 1 of the Depths
 52110 | Depths:1 | Noticed a frost giant
 52114 | Depths:1 | Reached XP level 16. HP: 104/119 MP: 29/29
 52346 | D:15     | Reached skill level 10 in Fighting
 52714 | Depths:1 | Noticed the Enchantress
 52726 | Depths:1 | Killed the Enchantress
 52726 | Depths:1 | Reached skill level 20 in Evocations
 52970 | Depths:1 | Got a faerie dragon armour
 52985 | Depths:1 | Identified the +2 faerie dragon armour {Dex+4} (You took it off the Enchantress on level 1 of the Depths)
 53871 | Depths:1 | Found a gateway to Hell.
 54568 | Depths:1 | Noticed Mennas
 54923 | Depths:1 | Reached skill level 21 in Evocations
 55835 | Depths:1 | Reached skill level 1 in Armour
 55835 | Depths:1 | Reached XP level 17. HP: 121/125 MP: 31/31
 56588 | Depths:1 | Found a glowing silver altar of Zin.
 56610 | Depths:1 | Killed Mennas
 56805 | Depths:1 | Got a distressingly furry cloak
 56820 | Depths:1 | Identified the +1 cloak of Waroesh {rPois} (You found it on level 1 of the Depths)
 57331 | Hell     | Entered the Vestibule of Hell
 57331 | Hell     | Noticed Geryon
 57343 | Hell     | Killed Geryon
 57683 | Depths:1 | Reached skill level 5 in Armour
 60609 | Depths:1 | Noticed a golden dragon
 60774 | Depths:1 | Killed a golden dragon
 62497 | Hell     | Noticed a tentacled monstrosity
 62562 | Hell     | Killed a tentacled monstrosity
 62821 | Hell     | Found a gateway to the ashen valley of Gehenna.
 62907 | Hell     | Found a gateway to the decaying netherworld of Tartarus.
 62912 | Hell     | Reached XP level 18. HP: 114/131 MP: 32/32
 63431 | Hell     | Found a gateway to the freezing wastes of Cocytus.
 63564 | Hell     | Found a gateway to the Iron City of Dis.
 63682 | Dis:1    | Entered Level 1 of the Iron City of Dis
 63682 | Dis:1    | Found a gateway to Hell.
 64175 | Dis:2    | Found a gateway to Hell.
 64603 | Dis:2    | Found a gateway to Hell.
 64678 | Dis:3    | Noticed an iron giant
 64737 | Dis:4    | Found a gateway to Hell.
 64746 | Dis:4    | Found a gateway to Hell.
 64872 | Dis:4    | Noticed a Tzitzimitl
 64891 | Dis:4    | Killed a Tzitzimitl
 64920 | Dis:4    | Noticed an Ice Fiend
 65174 | Dis:2    | Found a gateway to Hell.
 65174 | Dis:2    | Found a gateway to Hell.
 65338 | Dis:4    | Found a gateway to Hell.
 65794 | D:11     | Bought a box of beasts for 460 gold pieces
 65990 | Dis:3    | Noticed Amnesiac's ghost (adept DDFi)
 66011 | Dis:4    | Found a gateway to Hell.
 66055 | Dis:6    | Found a gateway to Hell.
 66115 | Dis:7    | Entered Level 7 of the Iron City of Dis
 66115 | Dis:7    | Found a gateway to Hell.
 66133 | Dis:7    | Found a gateway to Hell.
 66464 | Dis:3    | Found a gateway to Hell.
 66576 | Dis:4    | HP: 6/134 [something (20)]
 66588 | Dis:4    | Reached skill level 22 in Evocations
 67250 | Dis:3    | Found a gateway to Hell.
 67434 | Dis:6    | Found a gateway to Hell.
 67508 | Dis:7    | Noticed an iron giant
 67508 | Dis:7    | Noticed a Hell Sentinel
 67550 | Dis:7    | Noticed a Hell Sentinel
 67572 | Dis:7    | Found a gateway to Hell.
 67651 | Dis:7    | Noticed a Hell Sentinel
 68165 | Dis:7    | Killed a Hell Sentinel
 68206 | Dis:7    | Noticed an iron giant
 68241 | Dis:7    | Noticed an iron giant
 68294 | Dis:7    | Noticed an iron giant
 68307 | Dis:7    | Reached skill level 5 in Shields
 68309 | Dis:7    | Noticed an iron giant
 68309 | Dis:7    | Noticed an iron giant
 68335 | Dis:7    | Killed from afar by an iron giant

Skill      XL: |  1  2  3  4  5  6  7  8  9 10 11 12 13 14 15 16 17 18 |
---------------+-------------------------------------------------------+-----
Evocations     | 3 4 5 6 8 10 12 13 15 17 19 21 22 | 22.1
Shields        | 2 4 5 |  5.1
Dodging        | 8 9 |  9.0
Fighting       | 6 9 10 | 10.0
Charms         | 3 4 |  4.3
Armour         | 1 9 |  9.0
Short Blades   | |  0.7
Stealth        | |  0.7

Action                   |  1- 3 |  4- 6 |  7- 9 | 10-12 | 13-15 | 16-18 || total
-------------------------+-------+-------+-------+-------+-------+-------++-------
Melee: Short sword       |   136 |   205 |       |       |       |       ||   341
       Quarterstaff      |       |   147 |   234 |       |       |       ||   381
       Dagger            |       |       |   278 |  1060 |  2221 |   231 ||  3790
 Fire: Blowgun           |       |       |       |     3 |     2 |       ||     5
Invok: Call Merchant     |       |       |       |     3 |       |       ||     3
       Potion Petition   |       |       |       |     2 |       |     6 ||     8
Evoke: Wand              |       |    18 |    46 |   109 |    39 |    22 ||   234
       Deck              |       |       |       |     4 |    22 |       ||    26
       Rod               |       |       |       |       |   112 |   452 ||   564
       Box of beasts     |       |       |       |       |       |    15 ||    15
       Horn of Geryon    |       |       |       |       |       |     2 ||     2
  Use: Scroll            |       |     7 |    11 |    13 |    28 |    22 ||    81
 Stab: Sleeping          |     1 |       |       |       |     2 |       ||     3
       Confused          |       |     2 |       |     1 |       |     1 ||     4
       Paralysed         |       |       |     9 |    11 |    41 |     2 ||    63
       Distracted        |       |       |       |     5 |    10 |     2 ||    17
Armor: Leather armour    |    14 |       |       |       |       |       ||    14
       Chain mail        |    67 |   126 |       |       |       |       ||   193
       Plate armour      |       |   132 |   423 |   447 |       |       ||  1002
       Ring mail         |       |       |       |   285 |   833 |   536 ||  1654
Dodge: Dodged            |    57 |   111 |    98 |   372 |  1271 |   475 ||  2384
Block: Buckler           |       |       |    35 |   178 |   526 |    60 ||   799
       Large shield      |       |       |       |       |       |   756 ||   756
